 Dungeon Crawl Stone Soup version 0.29-a0-409-gd843f3a48c (webtiles) character file.

Game seed: 4245029480073777912

41 avis the Insei (level 3, -2/31 HPs)
             Began as a Deep Dwarf Transmuter on May 14, 2022.
             Slain by a gnoll
             ... wielding a +0 club
              (6 damage)
             ... on level 2 of the Dungeon.
             The game lasted 00:07:20 (1665 turns).

avis the Insei (Deep Dwarf Transmuter)              Turns: 1665, Time: 00:07:21

Health: -2/31      AC:  2    Str: 13    XL:     3   Next: 32%
Magic:  5/6        EV: 12    Int: 15    God:
Gold:   80         SH:  0    Dex: 13    Spells: 2/6 levels left

rFire   . . .      SeeInvis .     - Unarmed
rCold   . . .      Faith    .   (no shield)
rNeg    . . .      Spirit   .   a - +0 robe
rPois   .          Reflect  .   (helmet currently unavailable)
rElec   .          Harm     .   (no cloak)
rCorr   .          Rampage  .   (no gloves)
Will    .....                   (boots currently unavailable)
Stlth   +.........              (no amulet)
HPRegen 0.00/turn               (no ring)
MPRegen 0.10/turn               (no ring)

@: appendages (expiring)
A: horns 2, talons 2, damage resistance, heal wounds, sense surroundings 1, no
regeneration
a: Heal Wounds, End Transformation


You were on level 2 of the Dungeon.
You had temporarily grown beastly horns and talons.
You visited 1 branch of the dungeon, and saw 2 of its levels.

You collected 80 gold pieces.

Inventory:

Hand Weapons
 f - a +2 short sword of speed
 h - a +1 whip of electrocution
Missiles
 c - 6 javelins
 d - 9 poisoned darts
 k - 65 stones
 l - 5 atropa-tipped darts
Armour
 a - a +0 robe (worn)
 i - a +0 ring mail
Scrolls
 e - 2 scrolls of identify {unknown}
 g - a scroll of immolation
 j - a scroll of teleportation {unknown}
Potions
 b - a potion of lignification


   Skills:
 + Level 1.5 Fighting
 - Level 2.1 Dodging
 * Level 3.4 Unarmed Combat
 - Level 2.0 Spellcasting
 - Level 2.0 Transmutations
 + Level 0.1 Poison Magic


You had 2 spell levels left.
You knew the following spells:

 Your Spells              Type           Power      Damage    Failure   Level
a - Beastly Appendage     Tmut           14%        N/A       10%         1
b - Spider Form           Tmut/Pois      4%         N/A       41%         3

Your spell library contained the following spells:

 Spells                   Type           Power      Damage    Failure   Level
 Wereblood                Tmut           7%         N/A       14%         2
 Ice Form                 Ice/Tmut       4%         N/A       82%         4


Dungeon Overview and Level Annotations

Branches:
Dungeon (2/15)

Altars:

Shops:
D:1 :


Innate Abilities, Weirdness & Mutations

You have temporarily grown beastly horns and talons.
You are resistant to damage.
You can heal yourself by infusing magical energy.
You passively map a small area around you.
You do not regenerate.


Message History

You now have 80 gold pieces (gained 11).
A frilled lizard and a gnoll come into view.
The frilled lizard hisses angrily.
The gnoll shouts!
You hear a shout!
Casting: Beastly Appendage (safe; 10% risk of failure)
Confirm with . or Enter, or press ? or * to list all spells.
You miscast Beastly Appendage.
You are very lightly contaminated with residual magic.
Nothing appears to happen.
Casting: Beastly Appendage (safe; 10% risk of failure)
Confirm with . or Enter, or press ? or * to list all spells.
You grow a pair of large bovine horns.
Your feet morph into talons. 2 gnolls come into view.
The frilled lizard misses you.
You closely miss the frilled lizard. Your kick misses the frilled lizard.
Your headbutt misses the frilled lizard.
The frilled lizard barely misses you.
You miss the frilled lizard.
Your transformation is almost over.
You barely miss the frilled lizard. The frilled lizard barely misses you.
You hit the frilled lizard.
You kill the frilled lizard!
You hit the gnoll. You claw the gnoll, but do no damage.
Your headbutt misses the gnoll.
The gnoll is heavily wounded.
The gnoll hits you with a +0 club!
A gnoll comes into view. It is wielding a +0 halberd.
Your magical contamination has completely faded away.
The gnoll shouts!
You hit the gnoll. Your kick misses the gnoll. You headbutt the gnoll.
The gnoll is almost dead.
The gnoll hits you with a +0 club.
You hit the gnoll. Your kick misses the gnoll.
The gnoll is almost dead.
The gnoll hits you with a +0 club!
* * * LOW HITPOINT WARNING * * *
You barely miss the gnoll.
You headbutt the gnoll, but do no damage.
The gnoll is almost dead.
The gnoll hits you with a +0 club!
You die...

#.##..)..###.#,#
####.####.†.....#
#.....# ###.#####
* #.....# ..... *
#.....# #.....# ,
#.....# #.....#
#.....# #.....# *
##..### #.....# *
#@## ####### *
#g# #g# #g#* *
#.., ,, * #.g * *
#..* #... * ,, ,


You could see 4 gnolls.

Vanquished Creatures
  2 worms (D:2)
  4 endoplasms
  3 hobgoblins (D:1)
  6 ball pythons
  3 bats (D:1)
  3 frilled lizards
  4 goblins
  7 kobolds
  4 rats
36 creatures vanquished.

Notes
Turn   | Place    | Note
-------+----------+-------------------------------------------
     0 | D:1      | avis the Deep Dwarf Transmuter began the quest for the Orb.
     0 | D:1      | Reached XP level 1. HP: 16/16 MP: 3/3
    36 | D:1      | Reached skill level 1 in Fighting
   185 | D:1      | Found Movofinn's Book Shop.
   199 | D:1      | Reached skill level 3 in Unarmed Combat
   230 | D:1      | Reached XP level 2. HP: 19/25 MP: 2/4
   257 | D:1      | Found a faded altar of an unknown god.
  1347 | D:2      | Reached XP level 3. HP: 11/31 MP: 5/5
  1512 | D:2      | Learned a level 3 spell: Spider Form
  1543 | D:2      | HP: 1/31 [worm (6)]
  1665 | D:2      | Slain by a gnoll

Illustrated notes

Levels and vault maps discovered:
D:1:      eino_arrival_druids_welcome, layout_loops_corners,
          hellmonk_ecumenical_altar_blasted, serial_shops, shop,
          minmay_misc_feat_hallway, grunt_decor_arrowhead, dk_noncrumbling_4
D:2:      layout_loops_cross, basic_altar

Skill      XL: |  1  2  3 |
---------------+----------+-----
Fighting       | 1 |  1.5
Unarmed Combat | 3 |  3.4
Transmutations | 2 |  2.0
Spellcasting   | 2 |  2.0
Dodging        | |  2.1
Poison Magic   | |  0.1

Action                   || total
-------------------------++-------
Melee: Unarmed           ||    86
       Kick              ||    15
       Punch             ||     2
       Headbutt          ||     9
 Cast: Beastly Appendage ||    30
 Abil: Heal Wounds       ||     1
 Stab: Sleeping          ||     4
Armor: Robe              ||    11
Dodge: Dodged            ||    38

Table legend: (Time is in decaauts)
 A = Elapsed time spent in this place.
 B = Non-inter-level travel time spent in this place.
 C = Inter-level travel time spent in this place.
 D = Time resting spent in this place.
 E = Time spent auto-exploring this place.
 F = Levels seen in this place.
 G = Mean time per level.
                   A        B        C        D        E       F      G
               +--------+--------+--------+--------+--------+-----+--------+
         Total |   1663 |   1509 |    154 |    279 |    895 |   2 |  831.5 |
       Dungeon |   1663 |   1509 |    154 |    279 |    895 |   2 |  831.5 |
               +--------+--------+--------+--------+--------+-----+--------+

Top non-repeatable levels by time:
     D:1: 1304 daAuts
     D:2: 359 daAuts
